 Dungeon Crawl Stone Soup version 0.30-a0-760-g5a9884bb7c (webtiles) character file.

Game seed: 13692523098568574937

131523 holysushi the Black Belt (level 16, -6/108 HPs)
             Began as a Vampire Monk on Feb 11, 2023.
             Was a Priest of Ru.
             Mangled by Donald
             ... wielding a +0 eveningstar
              (48 damage)
             ... on level 2 of the Spider Nest.
             The game lasted 01:07:03 (39144 turns).

holysushi the Black Belt (Vampire Monk)            Turns: 39144, Time: 01:07:03

Health: -6/108     AC:  0    Str: 10    XL:     16   Next: 55%
Magic:  0/24       EV: 44    Int: 12    God:    Ru [***...]
Gold:   3741       SH:  0    Dex: 28    Spells: 26/26 levels left

rFire   . . .      SeeInvis +      - Unarmed
rCold   + + .      Faith    .    (shield currently unavailable)
rNeg    + + +      Spirit   +    (body armour currently unavailable)
rPois   ∞          Reflect  .    (helmet currently unavailable)
rElec   .          Harm     .    (cloak currently unavailable)
rCorr   .          Rampage  .    (gloves currently unavailable)
Will    +....                    (boots currently unavailable)
Stlth   +++++++++                O - amulet of guardian spirit
HPRegen 0.00/turn                (ring currently unavailable)
MPRegen 0.19/turn                (ring currently unavailable)

@: bat-form, flying, bloodless, inhibited regen, very quick
A: fast, flying, no casting, tiny, bloodless, fangs 3, see invisible, dopey 1,
inability to train armour, no conjurations magic, no earth magic, no
transmutations magic, disrupted magic 1, vampiric 2
a: Revivify, End Transformation, Renounce Religion, Draw Out Power


You were on level 2 of the Spider Nest.
You worshipped Ru.
Ru was most pleased with you.
You were a vampire bat.
You visited 5 branches of the dungeon, and saw 24 of its levels.
You also visited: Gauntlet.

You collected 3741 gold pieces.

Inventory:

Missiles
 D - a throwing net (quivered)
Armour
 a - a +1 robe (melded)
Jewellery
 n - a ring of ice
 O - an amulet of guardian spirit (around neck)
Wands
 o - a wand of roots (14)
 q - a wand of flame (17)
 r - a wand of digging (5)
 s - a wand of mindburst (24)
 y - a wand of charming (19)
Scrolls
 g - 10 scrolls of teleportation
 j - 3 scrolls of poison
 k - 5 scrolls of vulnerability
 l - 2 scrolls of enchant armour
 v - 2 scrolls of magic mapping
 w - 2 scrolls of butterflies
 A - 3 scrolls of fog
 E - 2 scrolls of enchant weapon
 F - 3 scrolls of blinking
 G - a scroll of fear
 I - a scroll of immolation
Potions
 b - 9 potions of ambrosia
 c - 4 potions of haste
 d - 5 potions of mutation
 e - 6 potions of attraction
 f - a potion of might
 h - a potion of resistance
 i - a potion of berserk rage
 m - 2 potions of brilliance
 p - 3 potions of flight
 u - 9 potions of curing
 x - a potion of magic
 z - 3 potions of lignification
 C - 2 potions of heal wounds
 J - a potion of cancellation
 L - a potion of invisibility
Miscellaneous
 t - a piece from Xom's chessboard (15/15)
 B - a phial of floods
 H - a condenser vane (inert)
 N - a phantom mirror


   Skills:
 - Level 15.5 Fighting
 - Level 16.7 Dodging
 - Level 16.9 Stealth
 + Level 17.5 Unarmed Combat
 - Level 5.9 Spellcasting
 - Level 5.0 Evocations


You had 26 spell levels left.
You didn't know any spells.
Your spell library contained the following spells:

 Spells                   Type           Power      Damage    Failure   Level
 Summon Small Mammal      Summ           12%        N/A       26%         1
 Cigotuvi's Dreadful Rot  Necr/Pois/Air  6%         N/A       36%         2
 Ensorcelled Hibernation  Hex/Ice        6%         N/A       36%         2
 Lesser Beckoning         Tloc           6%         N/A       36%         2
 Call Canine Familiar     Summ           3%         N/A       58%         3
 Gell's Gravitas          Tloc           3%         N/A       58%         3
 Kindle Blastsparks       Fire/Tloc/Air  6%         2d10      58%         3
 Portal Projectile        Hex/Tloc       6%         N/A       58%         3
 Summon Guardian Golem    Hex/Summ       3%         N/A       58%         3
 Swiftness                Air            3%         N/A       58%         3
 Teleport Other           Tloc           3%         N/A       58%         3
 Tukima's Dance           Hex            3%         N/A       58%         3
 Anguish                  Hex/Necr       1%         N/A       92%         4
 Passage of Golubria      Tloc           3%         N/A       92%         4
 Summon Forest            Summ/Tloc      1%         N/A       99%         5
 Dispersal                Tloc           1%         N/A       100%        6
 Summon Hydra             Summ           1%         N/A       100%        7
 Passwall                 Tmut/Erth      Unusable   N/A       N/A         2
 Dazzling Flash           Conj/Hex       Unusable   N/A       N/A         3
 Ignite Poison            Fire/Tmut/Pois Unusable   N/A       N/A         3
 Spider Form              Tmut/Pois      Unusable   N/A       N/A         3
 Iskenderun's Mystic Bla  Conj/Tloc      Unusable   2d3       N/A         4
 Leda's Liquefaction      Hex/Erth       Unusable   N/A       N/A         4
 Fireball                 Conj/Fire      Unusable   3d3       N/A         5
 Freezing Cloud           Conj/Ice/Air   Unusable   6-21      N/A         5
 Yara's Violent Unravell  Hex/Tmut       Unusable   3d3       N/A         5
 Eringya's Noxious Bog    Tmut/Pois      Unusable   N/A       N/A         6
 Starburst                Conj/Fire      Unusable   6d3       N/A         6

Dungeon Overview and Level Annotations

Branches:
Dungeon (14/15) Zot: 26228  Temple (1/1) D:5 Zot: 5976    Lair (5/5) D:11 Zot: 20352
 Shoals (0/4) Lair:3       Spider (2/4) Lair:2 Zot: 10523   Slime (0/5) Lair:4
    Orc (2/2) D:9 Zot: 10541     Elf (0/3) Orc:2       Gauntlet (visited)
 Vaults: D:13-14

Altars:
Ashenzari
Cheibriados
Dithmenos
Fedhas
Gozag
Hepliaklqana
Kikubaaqudgha
Makhleb
Nemelex Xobeh
Okawaru
Qazlal
Ru
Sif Muna
Trog
Uskayaw
Vehumet
Wu Jian
Xom
Yredelemnul
Lugonu

Shops:
D:4 (((   D:14 :!   Orc:2 [(*=

Annotations:
D:10 Gastronok
D:11 2 runed translucent doors, Beavis's ghost, journeyman NaFE
D:14 Frances
Lair:1 1 transporter, exclusion: ice statue, Dittersdorf's ghost, journeyman GrFi
Lair:3 exclusions: manticore and wind drake
Spider:1 Roxanne
Spider:2 Donald
Orc:1 exclusion: 2 downstairs


Innate Abilities, Weirdness & Mutations

You are a vampire bat.
You are tiny and dextrous.
You move quickly.
You are flying.
You are immune to poison.
Your equipment is almost entirely melded.
You are incapable of wielding weapons or throwing items.
You cannot cast spells.
You do not regenerate when monsters are visible.
You are frail without blood (-20% HP).
You can heal yourself when you bite living creatures.
You are immune to poison.
You have razor-sharp teeth.
You have supernaturally acute eyesight. (SInv)
You are dopey. (Int -2)
You cannot train Armour skill.
You cannot study or cast Conjurations magic.
You cannot study or cast Earth magic.
You cannot study or cast Transmutations magic.
Your casting is slightly disrupted.
You are afflicted with vampirism and can become a bat while bloodless.


Message History

You swing at nothing.
You hit Donald but do no damage. You bite Donald, but do no damage.
Donald completely misses you.
You maul Donald!!
Donald is moderately wounded.
You redirect Donald's attack!
Donald hits the redback with a +0 eveningstar!!
The redback dies!
Donald blocks your attack.
You catch the helpless Donald completely off-guard!
You draw Donald's blood!
You hit Donald. Donald blocks your attack.
Donald is moderately wounded.
Donald says, "Dancing spiders?
With no cane or a top hat?"
Donald completely misses you. Donald blocks your attack.
You bite Donald.
You draw Donald's blood!
Donald is moderately wounded.
Donald completely misses you.
You hit Donald. Donald blocks your attack.
Donald is moderately wounded.
Donald says, "I hate crawling things."
Donald hits you with a +0 eveningstar!!!
You hit Donald.
Donald is moderately wounded.
Donald completely misses you.
Donald says, "So, what is this Orb thing, anyway?"
Donald hits you with a +0 eveningstar!
You hit Donald.
Donald is moderately wounded.
Donald hits you with a +0 eveningstar!!
You hit Donald.
Donald is heavily wounded.
Donald shakes his head.
Donald closely misses you.
You bite Donald!
Donald is heavily wounded.
Donald closely misses you.
You hit Donald but do no damage. You bite Donald, but do no damage.
Donald is heavily wounded.
Donald hits you with a +0 eveningstar!!!
You die...

#.####
#.###.....
###....# ###
##....
##.....^# ^
#####
#.......###.^
##........... #
#^........... #
##......##... #
###...## #.. )
##b## . .
#####@##
.#....s.####
#..........##
#...........#
#...........#
#...........#
#^..........#
#.............#


You could see Donald (fast, strong) and a jumping spider.

Vanquished Creatures
  Mlioglotl (Lair:2)
  Jorgrun (D:13)
  Kirke (D:12)
  A green death (Gauntlet)
  An entropy weaver (Lair:2)
  3 hydras
  4 centaur warriors
  An ice dragon (Lair:5)
  A catoblepas (Lair:4)
  6 boulder beetles
  A jorogumo (Spider:2)
  3 two-headed ogres
  4 death yaks
  A tengu warrior (D:11)
  6 orc high priests (Orc:2)
  Sonja (D:13)
  A fire crab (Gauntlet)
  2 skysharks
  An orb spider (Spider:1)
  A lindwurm (Lair:5)
  3 orc knights
  Pikel (D:5)
  2 steelbarb worms
  4 wolf spiders
  2 orc sorcerers (Orc:2)
  4 manticores
  3 ugly things
  Maurice (D:8)
  A cyclops (D:12)
  A worldbinder (Gauntlet)
  2 moths of wrath
  9 torpor snails
  6 elephants
  A demonic crawler (Lair:2)
  11 black mambas
  An orange demon (Gauntlet)
  10 cane toads
  3 gargoyles
  3 unseen horrors
  5 rime drakes
  5 kobold demonologists
  2 tengu conjurers
  9 komodo dragons
  13 trolls
  A queen bee (D:11)
  7 hornets (Lair:5)
  4 tyrant leeches (Lair:5)
  3 tarantellas (Spider:1)
  3 meliai (Lair:2)
  3 polar bears
  11 blink frogs
  A raiju (Gauntlet)
  13 dream sheep (Lair:4)
  3 slime creatures
  7 culicivoras
  3 wraiths
  27 yaks
  10 jumping spiders
  2 wyverns
  A vampire (D:12)
  3 fire bats (Gauntlet)
  3 basilisks
  Grum (D:9)
  8 redbacks
  2 steam dragons (Gauntlet)
  6 hogs
  14 vampire mosquitoes
  3 wargs
  An acid dragon (D:12)
  16 water moccasins
  2 hell hounds (Gauntlet)
  2 sky beasts
  2 ice beasts
  16 orc warriors
  2 black bears
  7 ogres
  2 boggarts (Gauntlet)
  24 wolves
  14 centaurs
  5 phantoms
  4 lemures
  2 kobold brigands
  14 bullfrogs
  A necrophage (D:6)
  5 scorpions
  10 wights
  42 killer bees
  A troll zombie (D:9)
  An electric eel (Spider:1)
  5 howler monkeys
  11 orc priests
  4 jellies
  4 hounds
  3 gnoll boudas
  Jessica (D:2)
  3 iguanas
  17 orc wizards
  5 ogre zombies (D:9)
  Robin (D:2)
  11 adders
  14 gnolls
  2 white imps
  3 ufetubi
  3 worms
  6 dart slugs
  53 orcs
  7 ball pythons
  7 bats
  11 endoplasms
  6 giant cockroaches
  17 goblins
  14 hobgoblins
  10 jackals
  2 quokkas (D:3)
  2 frilled lizards (D:1)
  A goblin skeleton (D:9)
  2 goblin zombies (D:9)
  2 hobgoblin zombies (D:9)
  13 kobolds
  An orc skeleton (D:9)
  13 orc zombies (D:9)
  8 rats
717 creatures vanquished.

Vanquished Creatures (collateral kills)
  The ghost of Loveship the Impaler, a journeyman MfFi of Makhleb (Lair:5)
  An orc sorcerer (Orc:2)
  A troll (Orc:2)
  3 orc warriors (Orc:2)
  An ogre (Orc:2)
  3 orc wizards (Orc:2)
10 creatures vanquished.

Vanquished Creatures (others)
  An orc warlord (Orc:1)
  An entropy weaver (Spider:1)
  2 hydras
  A tengu warrior (D:14)
  A death yak (Lair:4)
  An orc sorcerer (Orc:2)
  An orange demon (Gauntlet)
  A troll (D:9)
  2 redbacks
  A warg (Orc:2)
  2 orc warriors (Orc:2)
  A killer bee (D:11)
  An orc priest (Orc:2)
  2 human simulacra (D:11)
  An orc (Orc:2)
  2 kobolds (D:11)
  7 demonic plants (D:14)
  32 fungi
  41 plants
101 creatures vanquished.

Grand Total: 828 creatures vanquished

Notes
Turn   | Place    | Note
-------+----------+-------------------------------------------
     0 | D:1      | holysushi the Vampire Monk began the quest for the Orb.
     0 | D:1      | Reached XP level 1. HP: 17/17 MP: 1/1
   230 | D:1      | Reached XP level 2. HP: 21/23 MP: 2/2
   239 | D:1      | Reached skill level 4 in Unarmed Combat
   449 | D:1      | Found a faded altar of an unknown god.
   576 | D:1      | Gained mutation: You are afflicted with vampirism and can
                  | become a bat while bloodless. [Vampire growth]
   576 | D:1      | Reached XP level 3. HP: 28/28 MP: 3/3
  1058 | D:2      | Noticed Jessica
  1066 | D:2      | Killed Jessica
  1067 | D:2      | Reached skill level 5 in Unarmed Combat
  1163 | D:2      | Reached XP level 4. HP: 27/27 MP: 4/4
  1768 | D:2      | Noticed Robin
  2097 | D:2      | Killed Robin
  2098 | D:2      | Reached skill level 6 in Unarmed Combat
  2713 | D:3      | Reached XP level 5. HP: 31/31 MP: 5/5
  2899 | D:3      | Noticed an ogre
  2937 | D:3      | Killed an ogre
  2938 | D:3      | Reached XP level 6. HP: 36/36 MP: 6/6
  3130 | D:3      | Found an ornate altar of the Wu Jian Council.
  3390 | D:3      | Reached skill level 7 in Unarmed Combat
  3947 | D:4      | Found Piohoy's Weapon Shop.
  4009 | D:4      | Identified the +3 dagger "Fouth" {venom, rPois}
  4021 | D:4      | Found Ykameg's Antique Weapon Shop.
  4067 | D:4      | Found Niut Wio's Antique Weapon Emporium.
  4312 | D:5      | Entered Level 5 of the Dungeon
  4314 | D:5      | Noticed an ice beast
  4347 | D:5      | Reached skill level 5 in Stealth
  4510 | D:4      | Killed an ice beast
  4511 | D:4      | Reached XP level 7. HP: 29/40 MP: 7/7
  4583 | D:4      | Reached skill level 5 in Dodging
  4606 | D:5      | Noticed Pikel
  4749 | D:4      | Reached skill level 8 in Unarmed Combat
  4997 | D:4      | Reached skill level 9 in Unarmed Combat
  5035 | D:5      | Identified the +0 leather armour "Huobb" {rC- Dex+8 SInv}
  5392 | D:5      | Found a blossoming altar of Fedhas.
  5492 | D:5      | Reached XP level 8. HP: 21/45 MP: 8/8
  5743 | D:5      | Found an opulent altar of Gozag.
  5751 | D:5      | Found an iron altar of Okawaru.
  5754 | D:5      | Found a shimmering blue altar of Sif Muna.
  5754 | D:5      | Found a shadowy altar of Dithmenos.
  5917 | D:5      | Found a basalt altar of Yredelemnul.
  5952 | D:5      | Killed Pikel
  5953 | D:5      | Reached skill level 10 in Unarmed Combat
  6026 | D:5      | Found a staircase to the Ecumenical Temple.
  6324 | Temple   | Entered the Ecumenical Temple
  6331 | Temple   | Became a worshipper of Ru the Awakened
  6346 | Temple   | Gained mutation: You cannot train Armour skill. [Ru
                  | sacrifice]
  6346 | Temple   | Reached * piety under Ru
  7028 | D:6      | Reached XP level 9. HP: 49/52 MP: 9/9
  7048 | D:6      | Reached skill level 11 in Unarmed Combat
  8221 | D:7      | Reached skill level 12 in Unarmed Combat
  9606 | D:8      | Reached XP level 10. HP: 52/56 MP: 10/10
  9660 | D:8      | Noticed a +0 hand axe
  9660 | D:8      | Noticed a +0 dagger
  9662 | D:8      | Found a hide-covered altar of Uskayaw.
  9665 | D:8      | Noticed Maurice
  9702 | D:8      | Killed Maurice
  9810 | D:8      | Gained mutation: You cannot study or cast Earth magic. [Ru
                  | sacrifice]
  9810 | D:8      | Gained mutation: You cannot study or cast Transmutations
                  | magic. [Ru sacrifice]
  9810 | D:8      | Gained mutation: You cannot study or cast Conjurations
                  | magic. [Ru sacrifice]
  9810 | D:8      | Reached ** piety under Ru
 10620 | D:9      | Noticed Grum
 10630 | D:9      | Reached skill level 10 in Stealth
 10691 | D:8      | Reached skill level 13 in Unarmed Combat
 11236 | D:9      | Found a staircase to the Orcish Mines.
 11426 | D:9      | Reached skill level 10 in Dodging
 11751 | D:9      | Killed Grum
 11765 | D:9      | Found a sparkling altar of Nemelex Xobeh.
 12068 | D:9      | Reached XP level 11. HP: 71/71 MP: 11/11
 12110 | D:10     | Entered Level 10 of the Dungeon
 12184 | D:10     | Found a bloodstained altar of Trog.
 12249 | D:10     | Noticed Gastronok
 12304 | D:10     | Noticed a two-headed ogre
 12305 | D:10     | Found a snail-covered altar of Cheibriados.
 12320 | D:10     | Killed a two-headed ogre
 12520 | D:10     | Reached XP level 12. HP: 61/76 MP: 12/12
 12725 | D:10     | Reached skill level 14 in Unarmed Combat
 13071 | Orc:1    | Entered Level 1 of the Orcish Mines
 13130 | D:9      | Reached skill level 1 in Evocations
 13533 | Orc:2    | Entered Level 2 of the Orcish Mines
 13571 | Orc:2    | Noticed an orc high priest
 13571 | Orc:2    | Noticed an orc warlord
 13571 | Orc:2    | Noticed an orc high priest
 13573 | Orc:2    | Found Peatir Icket's Antique Armour Shop.
 13874 | D:10     | Found a bloodstained altar of Trog.
 13951 | D:10     | Found a snail-covered altar of Cheibriados.
 14455 | D:11     | Found a runed translucent door.
 14857 | D:11     | Found a staircase to the Lair.
 15113 | D:11     | Noticed Beavis's ghost (journeyman NaFE)
 15114 | D:11     | Noticed a lich
 15116 | D:11     | Noticed a yaktaur captain
 15611 | D:11     | Noticed a two-headed ogre
 16002 | D:11     | Noticed a boulder beetle
 16559 | D:11     | Noticed a tengu warrior
 16584 | D:11     | Killed a two-headed ogre
 16926 | D:11     | Killed a tengu warrior
 16989 | D:11     | Noticed a two-headed ogre
 17218 | D:11     | Found a runed translucent door.
 17230 | D:11     | Identified the +9 mace "Hool" {venom, rCorr Int+2}
 17295 | Lair:1   | Entered Level 1 of the Lair of Beasts
 17595 | Lair:1   | Found a transporter.
 17627 | Lair:1   | Reached skill level 5 in Evocations
 17838 | Lair:1   | Gained mutation: Your casting is slightly disrupted. [Ru
                  | sacrifice]
 17838 | Lair:1   | Reached *** piety under Ru
 18069 | Lair:1   | Found a transporter.
 18104 | Lair:1   | Reached skill level 15 in Unarmed Combat
 18134 | Lair:1   | Noticed Dittersdorf's ghost (journeyman GrFi)
 18823 | Lair:1   | Identified the amulet of Keudihyi {Spirit Str+2}
 18835 | Lair:2   | Identified a scroll of acquirement
 18835 | Lair:2   | Acquired 1026 gold pieces
 18843 | Lair:2   | Found a gate leading to a gauntlet.
 18857 | Gauntlet | Entered a Gauntlet
 18857 | Gauntlet | Found a transporter.
 18866 | Gauntlet | Found a transporter.
 18869 | Gauntlet | Found a transporter.
 18870 | Gauntlet | Found a transporter.
 18881 | Gauntlet | Found a transporter.
 18881 | Gauntlet | Found a transporter.
 18882 | Gauntlet | Found a transporter.
 18894 | Gauntlet | Found a transporter.
 18895 | Gauntlet | Found a transporter.
 18895 | Gauntlet | Found a transporter.
 18903 | Gauntlet | Found a transporter.
 18906 | Gauntlet | Found a transporter.
 18907 | Gauntlet | Found a transporter.
 18913 | Gauntlet | Found a runed translucent gate.
 18913 | Gauntlet | Found a runed translucent gate.
 18913 | Gauntlet | Found a runed translucent gate.
 18914 | Gauntlet | Noticed a green death
 18915 | Gauntlet | Found a transporter.
 19257 | Gauntlet | Reached XP level 13. HP: 70/80 MP: 13/13
 19484 | Gauntlet | Killed a green death
 19583 | Gauntlet | Noticed a minotaur
 19598 | Gauntlet | Got the Vademecum on Austromancy and Momentum
 19902 | Lair:2   | Found a hole to the Spider Nest.
 21226 | Lair:3   | Found a staircase to the Shoals.
 21340 | Lair:3   | Reached skill level 15 in Dodging
 21391 | Lair:3   | Gained mutation: You are dopey. (Int -2) [Ru sacrifice]
 23838 | Lair:4   | Reached XP level 14. HP: 67/86 MP: 14/14
 24030 | Lair:4   | Found a staircase to the Slime Pits.
 24537 | Lair:4   | Reached skill level 15 in Stealth
 24783 | Lair:4   | Reached skill level 1 in Spellcasting
 25875 | Lair:4   | Reached skill level 5 in Spellcasting
 25875 | Lair:4   | Reached XP level 15. HP: 91/91 MP: 16/23
 25963 | Lair:4   | Reached skill level 16 in Unarmed Combat
 26366 | Lair:5   | Entered Level 5 of the Lair of Beasts
 26676 | Lair:5   | Found a large runed translucent door.
 26676 | Lair:5   | Found a large runed translucent door.
 26913 | Lair:5   | Found a runed translucent door.
 28185 | Lair:5   | Noticed Loveship's ghost (journeyman MfFi)
 28467 | Lair:5   | Acquired a manual of Fighting
 28520 | Lair:5   | Killed Loveship's ghost
 28521 | Lair:5   | Reached skill level 10 in Fighting
 28729 | Spider:1 | Entered Level 1 of the Spider Nest
 31782 | D:13     | Noticed Jorgrun
 31797 | D:13     | Killed Jorgrun
 32809 | D:13     | Noticed Sonja
 32862 | D:13     | Killed Sonja
 32918 | D:13     | Found a hazy altar of Hepliaklqana.
 33453 | D:13     | Reached XP level 16. HP: 85/104 MP: 20/24
 33531 | D:13     | Noticed Kirke
 33574 | D:12     | Killed Kirke
 33877 | D:14     | Found Ruphin's Book Shop.
 34345 | D:14     | Found Qefachea's Distillery.
 34420 | D:14     | Found a corrupted altar of Lugonu.
 34437 | D:14     | Noticed Frances
 35136 | Orc:2    | Reached skill level 15 in Fighting
 35361 | Orc:2    | Found Vapnoi Xepu's Antique Weapon Shoppe.
 35509 | Orc:2    | Found Pacip's Jewellery Shoppe.
 35511 | Orc:2    | Found a staircase to the Elven Halls.
 35730 | Orc:2    | Found Kijoth's General Store.
 36529 | Spider:1 | Noticed Mlioglotl
 36597 | Lair:2   | Noticed a tentacled starspawn
 36601 | Lair:2   | Killed Mlioglotl
 37670 | Spider:1 | Noticed Roxanne
 37867 | Spider:1 | Reached skill level 17 in Unarmed Combat
 39105 | Spider:2 | Noticed Donald
 39144 | Spider:2 | Mangled by Donald

Illustrated notes

Levels and vault maps discovered:
D:1:      sevenhm_arrival_forest_fort_large_2, layout_loops_corners,
          shapermc_ecumenical_altar_notcrosses, minmay_indecisive_spiral
D:2:      minmay_razor_zed, layout_basic, uniq_jessica, uniq_robin
D:3:      layout_loops_ring, general_overflow_altar, serial_co_window_serial,
          co_window_paths_b, co_window_paths_a, co_window_paths_a,
          co_window_paths_a, co_window_paths_b, co_window_corner_b,
          co_window_paths_c, co_window_paths_c, co_window_2corner,
          co_window_corner_cb, co_window_paths_d, glass_columns_b,
          glass_columns_b, glass_columns_c, glass_columns_a,
          grunt_ministairs_11, chequers_arboretum
D:4:      layout_rooms, serial_shops, shop, kennysheep_mini,
          nicolae_shop_bloodbath_and_beyond
D:5:      layout_loops_ring, marbit_many_paths,
          nicolae_overflow_hallway_of_the_gods, minmay_temple_entry_trees,
          st_stairs_4, uniq_pikel
D:6:      layout_rooms
D:7:      layout_loops_ring, mainiacjoe_overflow_alcove_4
D:8:      layout_gridville, dancing_weapons_uskayaw, uniq_maurice
D:9:      layout_irregular_city, nemelex_xobeh_ov_fountains_minmay,
          zombieorc1_lemuel, uniq_grum
D:10:     layout_loops_ring, mainiacjoe_overflow_alcove_1,
          mainiacjoe_overflow_chevrons, uniq_gastronok
D:11:     regret_index_bee_streams, layout_loops_ring,
          muffindrake_ghost_dual_entry, bh_circular_ruins
D:12:     layout_loops_corners
D:13:     layout_gridville, worldfamousw_hep_ancestral_shrine, uniq_jorgrun,
          uniq_sonja, uniq_kirke
D:14:     kennysheep_kobold_lugonu_temple, layout_loops_ring, erik_vaults_2,
          serial_shops, nicolae_shop_advertising_works
          [nicolae_subvault_shop_adworks], nicolae_stop_n_shop_2, shop_statue,
          solitary_fountain, grunt_decor_fettered, minmay_crystal_box,
          uniq_frances
Temple:   hellmonk_temple_micro_hex
Lair:1:   layout_cave_pods, nzn_ghost_randoct, grunt_megastairs_3
Lair:2:   layout_roguey, dummy_spider_entry, gauntlet_entry_generic
Lair:3:   layout_cave_pods, minmay_shoals_entry_beasts,
          hangedman_lair_generics_rect
Lair:4:   nzn_winding_woodlands_cross [nzn_winding_woodlands_5x15_jagged,
          nzn_winding_woodlands_5x15_river_crossing,
          nzn_winding_woodlands_5x15_split_checker,
          nzn_winding_woodlands_5x15_pathside_ponds,
          nzn_winding_woodlands_15x15_thick_spiral], layout_regular_city,
          nicolae_slime_entry_slimehenge, minmay_shattered_shrine
Lair:5:   wormcave, layout_regular_city, ebering_ghost_disaster_area,
          infiniplex_staircase_pool_2
Spider:1: layout_spider_delve, uniq_roxanne, uniq_mlioglotl
Spider:2: layout_chambers, hellmonk_test_site, uniq_donald
Orc:1:    layout_caves, basic_altar
Orc:2:    grunt_orc_gardens, layout_caves, grunt_orc_garden, grunt_orc_garden,
          grunt_orc_garden, grunt_orc_garden, basic_altar

Skill      XL: |  1  2  3  4  5  6  7  8  9 10 11 12 13 14 15 16 |
---------------+-------------------------------------------------+-----
Unarmed Combat | 4 5 6 7 9 10 12 13 15 16 17 | 17.5
Stealth        | 5 8 10 11 13 14 15 16 | 16.9
Dodging        | 4 5 7 8 10 12 15 16 | 16.7
Fighting       | 4 9 13 15 | 15.5
Evocations     | 5 |  5.0
Spellcasting   | 5 |  5.9

Action                     |  1- 3 |  4- 6 |  7- 9 | 10-12 | 13-15 | 16-18 || total
---------------------------+-------+-------+-------+-------+-------+-------++-------
  Melee: Unarmed           |   114 |   265 |   480 |   914 |  1505 |   628 ||  3906
         Bite              |    12 |    40 |    76 |   157 |   334 |   152 ||   771
         Punch             |       |       |       |       |       |     2 ||     2
 Invoke: Sacrifice Durabil |       |       |     1 |       |       |       ||     1
         Sacrifice Arcana  |       |       |       |     1 |       |       ||     1
         Reject Sacrifices |       |       |       |     1 |     2 |     1 ||     4
         Sacrifice Essence |       |       |       |     1 |       |       ||     1
         Draw Out Power    |       |       |       |       |     1 |     1 ||     2
         Sacrifice Purity  |       |       |       |       |     1 |       ||     1
Ability: Bat Form          |     1 |       |       |       |       |     1 ||     2
         Exsanguinate      |     1 |       |       |       |       |       ||     1
  Evoke: Wand              |       |       |       |     8 |     1 |    10 ||    19
         Piece from Xom's  |       |       |       |     3 |    12 |     1 ||    16
         Phial of floods   |       |       |       |     1 |     1 |       ||     2
         Condenser vane    |       |       |       |       |     1 |     1 ||     2
         Phantom mirror    |       |       |       |       |     1 |       ||     1
    Use: Scroll            |     2 |    10 |     5 |    10 |     9 |     3 ||    39
         Potion            |       |       |       |     4 |     6 |       ||    10
   Stab: Sleeping          |     7 |    24 |     7 |    32 |    43 |    13 ||   126
         Distracted        |     1 |       |     4 |    14 |    16 |     7 ||    42
         Invisible         |       |       |       |     4 |     4 |     4 ||    12
         Petrified         |       |       |       |     3 |       |       ||     3
         Petrifying        |       |       |       |     2 |       |       ||     2
         Betrayed ally     |       |       |       |       |       |     1 ||     1
 Armour: Robe              |    16 |       |       |       |       |     1 ||    17
  Dodge: Dodged            |    63 |   172 |   388 |   784 |  1408 |   759 ||  3574
  Block: Other             |       |    52 |   108 |   161 |    93 |       ||   414
         Reflection        |       |       |     1 |     2 |       |       ||     3

Table legend: (Time is in decaauts)
 A = Elapsed time spent in this place.
 B = Non-inter-level travel time spent in this place.
 C = Inter-level travel time spent in this place.
 D = Time resting spent in this place.
 E = Time spent auto-exploring this place.
 F = Levels seen in this place.
 G = Mean time per level.
                   A        B        C        D        E       F      G
               +--------+--------+--------+--------+--------+-----+--------+
         Total |  30206 |  28940 |   1266 |  10355 |  11231 |  25 | 1208.2 |
       Dungeon |  17005 |  16139 |    866 |   5449 |   6664 |  14 | 1214.6 |
        Temple |     23 |     23 |      0 |     13 |      0 |   1 |   23.0 |
          Lair |   9647 |   9317 |    330 |   3736 |   3483 |   5 | 1929.4 |
   Spider Nest |   1476 |   1446 |     30 |    481 |    486 |   2 |  738.0 |
  Orcish Mines |   1458 |   1420 |     38 |    408 |    509 |   2 |  729.0 |
      Gauntlet |    594 |    594 |      0 |    267 |     87 |   1 |  594.0 |
               +--------+--------+--------+--------+--------+-----+--------+

Top non-repeatable levels by time:
  Lair:2: 2598 daAuts
    D:11: 2516 daAuts
  Lair:4: 2254 daAuts
  Lair:5: 1830 daAuts
    D:10: 1740 daAuts
    D:13: 1627 daAuts
  Lair:3: 1498 daAuts
  Lair:1: 1466 daAuts
     D:9: 1276 daAuts
    D:12: 1256 daAuts
     D:4: 1241 daAuts
Spider:1: 1229 daAuts
     D:7: 1167 daAuts
     D:8: 1151 daAuts
     D:1: 1141 daAuts
